 Dungeon Crawl Stone Soup version 0.17-a0-1635-gd4e48f1 (webtiles) character file.

1562 karlkraus the Covered (level 8, -11/71 HPs)
             Began as a Minotaur Fighter on Aug 4, 2015.
             Mangled by an orc warrior
             ... wielding a +0 dire flail
              (17 damage)
             ... on level 6 of the Dungeon.
             The game lasted 00:08:34 (2844 turns).

karlkraus the Covered (Minotaur Fighter)            Turns: 2844, Time: 00:08:34

Health: -11/71     AC: 14    Str: 24    XL:     8   Next: 58%
Magic:  7/7        EV: 10    Int:  5    God:
Gold:   233        SH: 11    Dex:  9    Spells: 0 memorised, 7 levels left

rFire  . . .     SeeInvis .     I - +3 flail (protect)
rCold  . . .     Clarity  +     b - +0 scale mail
rNeg   . . .     SustAt   .     c - +0 shield
rPois  .         Gourm    .     (helmet restricted)
rElec  .         Spirit   .     (no cloak)
rCorr  .         Warding  .     n - +0 pair of gloves
rMut   .         Stasis   .     (no boots)
MR     .....                    g - amulet of clarity
Stlth  ..........               (no ring)
                                u - ring of wizardry

@: not resistant to hostile enchantments, extremely unstealthy
A: retaliatory headbutt, horns 2
a: no special abilities


You were on level 6 of the Dungeon.
You were hungry.

You visited 1 branch of the dungeon, and saw 6 of its levels.

You collected 233 gold pieces.

Inventory:

Hand weapons
 I - a +3 flail of protection (weapon)
Armour
 b - a +0 scale mail (worn)
 c - a +0 shield (worn)
 n - a +0 pair of gloves (worn)
Jewellery
 g - an amulet of clarity (around neck)
 q - an uncursed amulet of resist corrosion
 u - a ring of wizardry (left hand)
Magical devices
 d - a wand of fire (8)
 H - a wand of fireball (10)
Scrolls
 f - 8 scrolls of remove curse
 h - 2 scrolls of random uselessness
 z - a scroll of enchant weapon
Potions
 j - a potion of flight
 k - a potion of magic {unknown}
 o - a potion of agility {unknown}
 p - a potion of poison {unknown}
 r - a potion of cure mutation {unknown}
 s - 2 potions of curing {unknown}
 t - 3 potions of cancellation {unknown}
 D - a potion of degeneration {unknown}
Comestibles
 e - 3 bread rations
 l - 3 fruits
 m - 2 slices of pizza
 B - a beef jerky
 E - 3 chunks of flesh
 F - a meat ration


   Skills:
 + Level 6.7 Fighting
 + Level 5.4 Maces & Flails
 + Level 7.1 Armour
 + Level 5.2 Dodging
 + Level 0.3 Stealth
 + Level 7.1 Shields


You had 7 spell levels left.
You didn't know any spells.

Dungeon Overview and Level Annotations

Branches:
Dungeon (6/15)
 Temple: D:4-7

Altars:

Shops:
D:4 *

Annotations:
D:6 Blork the orc


Innate Abilities, Weirdness & Mutations

You reflexively headbutt those who attack you in melee.
You have a pair of horns on your head.


Message History

* * * LOW HITPOINT WARNING * * *
The orc barely misses you. You furiously retaliate!
You headbutt the orc!
You are too injured to fight recklessly!
You are too injured to fight recklessly!
You are too injured to fight recklessly!
You are too injured to fight recklessly!
You are too injured to fight recklessly!
You hit the orc warrior but do no damage.
The orc warrior is lightly wounded.
Blork the orc hits you from afar with a halberd.
* * * LOW HITPOINT WARNING * * *
You block the orc's attack.
The orc warrior hits you with a dire flail!
* * * LOW HITPOINT WARNING * * *
The orc completely misses you. The orc barely misses you.
You hit the orc warrior.
The orc warrior is moderately wounded.
You block Blork the orc's attack.
The orc warrior hits you with a dire flail!
You die...

...#........<#.#...#####
#..................#####
#.#..#.......#.#.......#
#.......#..###....####(#
............###...#
**,**
..).....###..##...#
*,,,* .....##.#
*#.#...##**,,**
.###.#*.# #.#...# *,,,,*
.#*..#*,#**#...o@#
*,,,,*
.#*..#*,*#.....oo#
*,,,**
.#*(.#*,*#.##.o..# **,**
##,,.#*,,.,*#.#..# *,**
*,*,**,****#....# **,*
*,*,*,,*,,,.....# *,**
*,*,*,,*,*##....# **,*
**,,,,,,*,**.....# **+**
*,,,,,,,,,*,,,,,,* *,,,*


You could see Blork the orc, an orc warrior and 2 orcs.

Vanquished Creatures
  Grinder (D:4)
  Menkaure (D:6)
  Edmund (D:6)
  A necrophage (D:5)
  2 phantoms (D:5)
  A centaur (D:5)
  2 ogres
  A scorpion (D:3)
  2 crimson imps (D:5)
  The ghost of Charly the Cudgeler, a weakling GrSk (D:3)
  A jelly (D:6)
  A hound (D:4)
  An orc priest (D:4)
  An orc wizard (D:4)
  A centaur skeleton (D:4)
  A killer bee zombie (D:6)
  4 worker ants
  10 adders
  A shadow imp (D:5)
  4 worms
  An adder skeleton (D:5)
  12 orcs
  6 bats
  3 giant cockroaches
  6 goblins
  7 hobgoblins
  2 jackals (D:2)
  3 ball pythons
  4 giant geckos
  5 giant newts
  A jackal skeleton (D:4)
  A jackal zombie (D:5)
  8 kobolds
  2 quokkas
  3 rats (D:2)
102 creatures vanquished.

Notes
Turn   | Place    | Note
--------------------------------------------------------------
     0 | D:1      | karlkraus the Minotaur Fighter began the quest for the Orb.
     0 | D:1      | Reached XP level 1. HP: 19/19 MP: 0/0
   626 | D:2      | Reached skill level 4 in Fighting
   626 | D:2      | Reached XP level 2. HP: 22/27 MP: 1/1
   755 | D:2      | Reached XP level 3. HP: 22/33 MP: 2/2
  1164 | D:3      | Reached XP level 4. HP: 39/41 MP: 3/3
  1219 | D:3      | Noticed a scorpion
  1232 | D:3      | Killed a scorpion
  1232 | D:3      | Reached skill level 1 in Dodging
  1232 | D:3      | Reached XP level 5. HP: 26/47 MP: 4/4
  1463 | D:3      | Noticed Charly's ghost (weakling GrSk)
  1469 | D:3      | Killed Charly's ghost
  1498 | D:3      | Reached skill level 5 in Armour
  1528 | D:4      | Reached skill level 5 in Fighting
  1529 | D:4      | Reached skill level 5 in Shields
  1529 | D:4      | Reached XP level 6. HP: 18/56 MP: 5/5
  1624 | D:4      | Noticed Grinder
  1647 | D:4      | Killed Grinder
  1647 | D:4      | Reached XP level 7. HP: 17/61 MP: 6/6
  1960 | D:4      | Found Dasaq's Assorted Antiques.
  2082 | D:5      | Entered Level 5 of the Dungeon
  2220 | D:5      | Reached skill level 6 in Armour
  2342 | D:5      | Reached XP level 8. HP: 26/70 MP: 7/7
  2709 | D:6      | Reached skill level 5 in Maces & Flails
  2715 | D:6      | Reached skill level 7 in Armour
  2729 | D:6      | Noticed Edmund
  2749 | D:6      | Killed Edmund
  2749 | D:6      | Reached skill level 5 in Dodging
  2808 | D:6      | Noticed Menkaure
  2813 | D:6      | Killed Menkaure
  2839 | D:6      | Noticed Blork the orc
  2844 | D:6      | Mangled by an orc warrior

Vault maps used:
D:1:      elethiomel_arrival_shortcut
D:3:      first_bread
D:4:      serial_shops, kennysheep_little_box, grunt_decor_arrowhead,
          uniq_grinder
D:6:      uniq_edmund, uniq_crazy_yiuf_cottage, uniq_sigmund, uniq_menkaure,
          uniq_blork_the_orc

Action                   |  1- 3 |  4- 6 |  7- 9 || total
-------------------------+-------+-------+-------++-------
Melee: Flail             |    86 |    88 |   150 ||   324
  Use: Potion            |       |     1 |       ||     1
       Scroll            |       |       |     9 ||     9
  Eat: Chunk             |     1 |     1 |     4 ||     6
